 Dungeon Crawl Stone Soup version 0.30-a0-760-g5a9884bb7c (webtiles) character file.

Game seed: 15402675933380272777

49 Aneyh the Trooper (level 3, 0/24 HPs)
             Began as a Tengu Monk on Feb 12, 2023.
             Slain by an endoplasm (1 damage)
             ... on level 2 of the Dungeon.
             The game lasted 00:00:53 (732 turns).

Aneyh the Trooper (Tengu Monk)                       Turns: 732, Time: 00:00:53

Health: 0/24       AC:  2    Str: 11    XL:     3   Next: 75%
Magic:  4/4        EV: 13    Int: 10    God:
Gold:   72         SH:  0    Dex: 18    Spells: 2/2 levels left

rFire   . . .      SeeInvis .    a - +0 falchion
rCold   . . .      Faith    .    (no shield)
rNeg    + . .      Spirit   .    b - +0 robe
rPois   .          Reflect  .    (helmet restricted)
rElec   .          Harm     .    (no cloak)
rCorr   .          Rampage  .    (no gloves)
Will    .....                    (boots unavailable)
Stlth   ++                       (no amulet)
HPRegen 0.24/turn                j - ring of positive energy
MPRegen 0.09/turn                (no ring)

@: no status effects
A: beak, talons 3
a: no special abilities


You were on level 2 of the Dungeon.
You visited 1 branch of the dungeon, and saw 2 of its levels.

You collected 72 gold pieces.

Inventory:

Hand Weapons
 a - a +0 falchion (weapon)
Armour
 b - a +0 robe (worn)
Jewellery
 j - a ring of positive energy (left hand)
Scrolls
 i - 3 scrolls of fog {unknown}
 k - a scroll of vulnerability {unknown}
 l - a scroll of blinking {unknown}
Potions
 d - a potion of mutation {unknown}
 e - a potion of heal wounds {unknown}
 f - a potion of curing {unknown}
 g - a potion of might {unknown}
 h - 2 potions of brilliance {unknown}


   Skills:
 + Level 4.6 Fighting
 - Level 3.2 Long Blades
 - Level 3.2 Dodging
 - Level 2.0 Stealth


You had 2 spell levels left.
You didn't know any spells.
Your spell library contained the following spells:

 Spells                   Type           Power      Damage    Failure   Level
 Call Canine Familiar     Summ           0%         N/A       75%         3
 Portal Projectile        Hex/Tloc       0%         N/A       75%         3
 Leda's Liquefaction      Hex/Erth       0%         N/A       98%         4


Dungeon Overview and Level Annotations

Branches:
Dungeon (2/15)

Altars:


Innate Abilities, Weirdness & Mutations

You have a beak for a mouth.
You have claws for feet.


Message History

You closely miss Natasha.
Natasha is moderately wounded.
Natasha stares at you and mumbles some strange words.
The magic dart hits you!
* * * LOW HITPOINT WARNING * * *
The endoplasm jiggles.
Natasha casts a spell at you. The magic dart hits you.
* * * LOW HITPOINT WARNING * * *
You hit Natasha but do no damage.
Natasha is moderately wounded.
Natasha barely misses you.
You are confused.
You feel invigorated. Natasha claws you.
* * * LOW HITPOINT WARNING * * *
You barely miss Natasha. Your peck misses Natasha.
Natasha is moderately wounded.
Natasha claws you.
* * * LOW HITPOINT WARNING * * *
You barely miss Natasha. Your kick misses Natasha.
You peck Natasha, but do no damage.
Natasha is moderately wounded.
Natasha barely misses you. The endoplasm closely misses you.
You bump into the rock wall.
You feel less invigorated.
You feel less confused. Natasha barely misses you. The endoplasm freezes you.
You are frozen.
* * * LOW HITPOINT WARNING * * *
You hit Natasha. You claw Natasha.
Natasha is severely wounded.
Natasha barely misses you. The endoplasm freezes you.
You are frozen.
* * * LOW HITPOINT WARNING * * *
You slash Natasha!
You kill Natasha!
Natasha growls in agony!
The endoplasm hits you.
You die...

##### ### . #.... ...#
..#.... #.#.# .......
#..... .......###...#.#
..#....J@†...#.########
................#.....#
###..###''###......)...
#..#......#.#.#.....#
..........P.#.....#
....#.P.........##.#
... #P.....#....##.# ..
#..P..P#†......## .
#......#..##....#


You could see an endoplasm.

Vanquished Creatures
  Natasha (D:2)
  A gnoll (D:1)
  An adder (D:2)
  4 ball pythons
  4 endoplasms
  2 giant cockroaches (D:2)
  2 hobgoblins
  3 jackals (D:1)
  5 bats
  2 frilled lizards (D:1)
  3 goblins
  A rat (D:2)
29 creatures vanquished.

Notes
Turn   | Place    | Note
-------+----------+-------------------------------------------
     0 | D:1      | Aneyh the Tengu Monk began the quest for the Orb.
     0 | D:1      | Reached XP level 1. HP: 14/14 MP: 2/2
    92 | D:1      | Reached XP level 2. HP: 16/20 MP: 3/3
   201 | D:1      | Reached skill level 4 in Fighting
   263 | D:1      | Reached XP level 3. HP: 23/24 MP: 4/4
   375 | D:1      | Found a faded altar of an unknown god.
   712 | D:2      | Noticed Natasha
   727 | D:2      | HP: 1/24 [Natasha (6)]
   732 | D:2      | Killed Natasha
   732 | D:2      | Slain by an endoplasm

Illustrated notes

Levels and vault maps discovered:
D:1:      dpeg_arrival_connections, layout_basic,
          shapermc_ecumenical_altar_ellora
D:2:      cheibrodos_old_hovel, layout_rooms, feat_on_display, uniq_terence,
          uniq_jessica, uniq_natasha

Skill      XL: |  1  2 |
---------------+-------+-----
Fighting       | 4 |  4.6
Long Blades    | |  3.2
Dodging        | |  3.2
Stealth        | |  2.0

Action                     || total
---------------------------++-------
  Melee: Falchion          ||    60
         Kick              ||    11
         Peck              ||     7
         Punch             ||     2
    Use: Potion            ||     1
   Stab: Sleeping          ||     2
 Armour: Robe              ||     9
  Dodge: Dodged            ||    54

Table legend: (Time is in decaauts)
 A = Elapsed time spent in this place.
 B = Non-inter-level travel time spent in this place.
 C = Inter-level travel time spent in this place.
 D = Time resting spent in this place.
 E = Time spent auto-exploring this place.
 F = Levels seen in this place.
 G = Mean time per level.
                   A        B        C        D        E       F      G
               +--------+--------+--------+--------+--------+-----+--------+
         Total |    739 |    728 |     11 |      0 |    561 |   2 |  369.5 |
       Dungeon |    739 |    728 |     11 |      0 |    561 |   2 |  369.5 |
               +--------+--------+--------+--------+--------+-----+--------+

Top non-repeatable levels by time:
     D:1: 615 daAuts
     D:2: 124 daAuts
